 Dungeon Sprint DCSS version 0.28-a0-1395-g4f6bc678fa (webtiles) character file.

Game seed: 3731839488024376388

78 rocky1 the Cleaver (level 4, -7/37 (39) HPs)
             Began as a Minotaur Fighter on Jan 5, 2022.
             Was an Initiate of Gozag.
             Mangled by a wight (12 damage)
             ... while paralysed by a floating eye
             ... in the Dungeon (Sprint VII: "The Pits").
             The game lasted 00:01:30 (578 turns).

rocky1 the Cleaver (Minotaur Fighter)                Turns: 578, Time: 00:01:31

HP:   -7/37 (39)    AC:  6    Str: 21    XL:     4   Next: 15%
MP:   3/3           EV:  2    Int:  5    God:    Gozag
Gold: 711           SH:  0    Dex: 11    Spells: 3/3 levels left

rFire   . . .      SeeInvis .   n - +2 hand axe (freeze)
rCold   . . .      Faith    .   c - +0 buckler
rNeg    . . .      Spirit   .   b - +0 scale mail
rPois   .          Reflect  .   (helmet restricted)
rElec   .          Harm     .   (no cloak)
rCorr   .          Rampage  .   (no gloves)
Will    .....      NoTele   +   (no boots)
Stlth   ..........              (no amulet)
HPRegen 0.12/turn               (no ring)
MPRegen 0.08/turn               (no ring)

@: paralysed, gold aura, drained
A: horns 2, retaliatory headbutt
a: Renounce Religion, Potion Petition, Call Merchant, Bribe Branch


You were in the Dungeon.
You worshipped Gozag.
Gozag was pleased with you.
You visited 1 branch You collected 711 gold pieces.

Inventory:

Hand Weapons
 a - a +0 mace of protection
 n - a +2 hand axe of freezing (weapon)
Armour
 b - a +0 scale mail (worn)
 c - a +0 buckler (worn)
Scrolls
 j - a scroll of blinking
 l - 5 scrolls of amnesia
 m - a scroll of summoning
Potions
 d - a potion of might
 e - 6 potions of curing
 f - 6 potions of heal wounds
 g - a potion of haste
 h - 4 potions of magic
 i - 3 potions of berserk rage
 k - 2 potions of invisibility


   Skills:
 - Level 3.6 Fighting
 + Level 9.9 Axes
 - Level 3.6 Armour
 - Level 4.1 Shields


You had 3 spell levels left.
You didn't know any spells.
Your spell library was empty.

Dungeon Overview and Level Annotations

Branches:
Dungeon (1/1)

Altars:
Ashenzari
Cheibriados
Dithmenos
Elyvilon
Fedhas
Gozag
Hepliaklqana
Kikubaaqudgha
Makhleb
Nemelex Xobeh
Okawaru
Qazlal
Ru
Sif Muna
Trog
Uskayaw
Vehumet
Wu Jian
Xom
Yredelemnul
Zin
The Shining One
Beogh
Jiyva
Lugonu


Innate Abilities, Weirdness & Mutations

You have a pair of horns on your head.
You reflexively headbutt those who attack you in melee.


Message History

The floating eye gazes piercingly through you!
You shrug off the repeated paralysis!
The sky beast flickers out of sight!
Deactivating autopickup; reactivate with Ctrl-A.
You closely miss the river rat.
The river rat is moderately wounded.
The river rat bites you but does no damage.
You hit the river rat but do no damage.
The river rat is moderately wounded.
You block the river rat's attack.
Unknown command.
You closely miss the river rat. You headbutt the river rat.
The river rat is severely wounded.
The floating eye's stare focuses on you.
The river rat bites you.
You hit the river rat but do no damage.
The river rat is severely wounded.
You hit the river rat. You freeze the river rat.
The river rat is almost dead.
The river rat bites you.
You hit the river rat but do no damage.
The river rat is almost dead.
The river rat closely misses you. You furiously retaliate!
You headbutt the river rat!
You kill the river rat!
Unknown command.
You hit the floating eye. You freeze the floating eye.
The floating eye is heavily wounded.
The floating eye gazes piercingly through you!
You suddenly lose the ability to move!
The wight hits you from afar with a +4 halberd!
You feel drained.
* * * LOW HITPOINT WARNING * * *
The floating eye seems to glare at you.
The wight hits you from afar with a +4 halberd.
* * * LOW HITPOINT WARNING * * *
The floating eye gazes piercingly through you!
You shrug off the repeated paralysis!
The wight hits you from afar with a +4 halberd!
You die...
Your body crumbles into a pile of gold.

#'#####'#####.....
#.#..#..#..##.....
#.#..)..#))#####'#
#.#..####).##.....
#.#..#..#))##.....
#.#..#..#[[##.....
#.##)#..#'###...<.
#.#...)....##.....
#@#...)....##.....
#G###########.....
#{z.z...# ######
#..###..# #...
##.## .. .# ..


You could see a floating eye and a wight.

Vanquished Creatures
  An orc priest (D)
  2 gnolls (D)
  A river rat (D)
  An ufetubus (D)
  2 orcs (D)
  2 endoplasms (D)
  A giant cockroach (D)
  A hobgoblin (D)
  3 jackals (D)
  A rat (D)
15 creatures vanquished.

Notes
Turn   | Place    | Note
-------+----------+-------------------------------------------
     0 | D        | rocky1 the Minotaur Fighter began the quest for the Orb.
     0 | D        | Reached XP level 1. HP: 19/19 MP: 0/0
    16 | D        | Reached skill level 3 in Axes
    20 | D        | Found a bloodstained altar of Trog.
    20 | D        | Found a shimmering blue altar of Sif Muna.
    20 | D        | Found a viscous altar of Jiyva.
    20 | D        | Found a hazy altar of Hepliaklqana.
    20 | D        | Found an opulent altar of Gozag.
    21 | D        | Found a glowing golden altar of the Shining One.
    21 | D        | Found a glowing silver altar of Zin.
    21 | D        | Found a basalt altar of Yredelemnul.
    21 | D        | Found a shimmering altar of Xom.
    21 | D        | Found an ornate altar of the Wu Jian Council.
    21 | D        | Found a sacrificial altar of Ru.
    21 | D        | Found a stormy altar of Qazlal.
    21 | D        | Found an iron altar of Okawaru.
    21 | D        | Found a sparkling altar of Nemelex Xobeh.
    21 | D        | Found a burning altar of Makhleb.
    21 | D        | Found a blossoming altar of Fedhas.
    21 | D        | Found a white marble altar of Elyvilon.
    21 | D        | Found a shadowy altar of Dithmenos.
    21 | D        | Found a snail-covered altar of Cheibriados.
    23 | D        | Found a radiant altar of Vehumet.
    23 | D        | Found a corrupted altar of Lugonu.
    24 | D        | Found a hide-covered altar of Uskayaw.
    24 | D        | Found an ancient bone altar of Kikubaaqudgha.
    24 | D        | Found a broken altar of Ashenzari.
    28 | D        | Became a worshipper of Gozag Ym Sagoz the Greedy
    70 | D        | Reached skill level 4 in Axes
   252 | D        | Reached skill level 6 in Axes
   252 | D        | Reached XP level 2. HP: 26/26 MP: 1/1
   254 | D        | Reached skill level 7 in Axes
   256 | D        | Reached XP level 3. HP: 31/31 MP: 2/2
   374 | D        | Reached skill level 9 in Axes
   374 | D        | Reached XP level 4. HP: 20/39 MP: 3/3
   560 | D        | Noticed a floating eye
   560 | D        | Noticed a sky beast
   562 | D        | Paralysed by a floating eye for 4 turns
   575 | D        | Paralysed by a floating eye for 4 turns
   578 | D        | Mangled by a wight

Illustrated notes

Levels and vault maps discovered:
D:        pitsprint [storerooms_1, entrance_room_1, metal_vault_4, armoury_2,
          mini_pit_1, grid_room_1, main_hall_1, silver_pit, the_coven_2,
          the_vestibule_1, steel_vault_2, golden_pit, hallway_of_sentries,
          crystal_vault_6, iron_vault_1, final_vault]

Skill      XL: |  1  2  3 |
---------------+----------+-----
Axes           | 6 7 9 |  9.9
Shields        | 4 |  4.1
Fighting       | |  3.6
Armour         | |  3.6

Action                   |  1- 3 |  4- 6 || total
-------------------------+-------+-------++-------
Melee: War axe           |    24 |       ||    24
       Headbutt          |     3 |     2 ||     5
       Hand axe          |       |    10 ||    10
Armor: Scale mail        |    11 |     2 ||    13
Dodge: Dodged            |     6 |     2 ||     8
Block: Buckler           |     6 |     1 ||     7

Table legend: (Time is in decaauts)
 A = Elapsed time spent in this place.
 B = Non-inter-level travel time spent in this place.
 C = Inter-level travel time spent in this place.
 D = Time resting spent in this place.
 E = Time spent auto-exploring this place.
 F = Levels seen in this place.
 G = Mean time per level.
                   A        B        C        D        E       F      G
               +--------+--------+--------+--------+--------+-----+--------+
         Total |    581 |    561 |     20 |    374 |      0 |   1 |  581.0 |
       Dungeon |    581 |    561 |     20 |    374 |      0 |   1 |  581.0 |
               +--------+--------+--------+--------+--------+-----+--------+

Top non-repeatable levels by time:
       D: 581 daAuts
